Stars vs Kings

Created - May 30, 2017 at 21:30

Goals
1 2 3 T
Stars 2 2 0 4
Kings 1 1 1 3
Shots
1 2 3 T
Stars 9 12 6 27
Kings 9 14 6 29

1st period

1. Stars , Evgeny Artyukhin 1 (Trevor Daley 1, Brian Lee 1) at 3:24
2. Stars , John Tavares 1 (Sean Avery 1) at 15:20
3. Kings , Tim Connolly 1 (Blake Wheeler 1, Drew Miller 1) at 19:13

Penalties :
John Tavares (Dal) for Roughing (Minor) at 10:50

2nd period

4. Stars , Evgeny Artyukhin 2 (Paul Martin 1, Marcus Kruger 1) at 12:01
5. Kings , Blake Wheeler 1 (Tim Connolly 1, Drew Miller 2) at 16:42
6. Stars , Ryan Getzlaf 1 (Peter Worrell 1, Michael Frolik 1) at 19:05

Penalties :
Dustin Penner (LAK) for Holding (Minor) at 0:05, Anze Kopitar (LAK) for Cross-checking (Minor) at 5:42, Daniel Cleary (LAK) for Hooking (Minor) at 19:53

3rd period

7. Kings , Anze Kopitar 1 (Drew Miller 3, Vladimir Tarasenko 1) at 4:00 (PP)

Penalties :
Michal Handzus (Dal) for Hooking (Minor) at 3:46, Drew Doughty (LAK) for Tripping (Minor) at 10:48, Jussi Jokinen (Dal) for Tripping (Minor) at 16:54

Goalie Stats

Pascal Leclaire (Dal), 26 saves from 29 shots - (0.897), W, 1-0-0, 60:00 minutes
Jonathan Quick (LAK), 23 saves from 27 shots - (0.852), L, 0-1-0, 59:05 minutes

Players Stats for Stars

Player Name              G  A  P  +/- PIM S  H  SB GA TA FO     MP     PP MP  PK MP  
------------------------------------------------------------------------------------
Andrei Markov            0  0  0   2  0   0  0  2  0  0  0/0    15:39   0:00   2:41 
Brian Lee                0  1  1  -1  0   3  1  3  0  0  0/0    26:04   5:04   1:31 
Evgeny Artyukhin         2  0  2   2  0   3  1  0  0  0  0/0     8:24   0:07   0:00 
John Tavares             1  0  1   1  2   5  3  0  1  0  17/33  22:07   4:27   0:43 
Johnny Oduya             0  0  0   1  0   1  0  3  0  0  0/0    19:22   2:52   0:00 
Jussi Jokinen            0  0  0  -1  2   0  2  0  0  1  0/0    13:23   3:29   0:36 
Marcus Kruger            0  1  1   2  0   1  0  0  0  0  2/2     9:39   0:00   1:22 
Michael Frolik           0  1  1   0  0   0  0  0  0  0  1/1    16:06   3:29   0:00 
Michal Handzus           0  0  0  -1  2   0  1  0  0  0  1/4    11:58   0:00   1:58 
Paul Martin              0  1  1   1  0   0  2  1  0  1  0/0    19:49   2:52   1:31 
Peter Worrell            0  1  1   0  0   1  2  1  0  1  1/2    15:22   0:00   2:03 
Radim Vrbata             0  0  0   1  0   5  3  0  0  0  0/0    21:24   4:27   0:00 
Ryan Getzlaf             1  0  1   0  0   3  4  0  0  0  9/17   16:08   3:22   0:09 
Scott Hartnell           0  0  0   1  0   2  4  1  1  0  1/1    22:04   4:27   0:39 
Scottie Upshall          0  0  0  -1  0   1  0  0  0  0  0/0     9:59   0:00   0:00 
Sean Avery               0  1  1   2  0   0  1  1  0  1  0/0     9:11   0:00   0:54 
Shaone Morrisonn         0  0  0   2  0   0  3  2  0  1  0/0    15:39   0:00   2:41 
Trevor Daley             0  1  1  -1  0   2  1  1  0  0  0/0    23:27   5:04   0:00 

Players Stats for Kings

Player Name              G  A  P  +/- PIM S  H  SB GA TA FO     MP     PP MP  PK MP  
------------------------------------------------------------------------------------
Anze Kopitar             1  0  1  -1  2   5  1  0  0  0  5/16   14:40   2:21   0:27 
Blake Wheeler            1  1  2   1  0   5  0  0  0  0  6/9    18:59   0:00   4:12 
Boyd Devereaux           0  0  0  -2  0   2  1  3  0  0  3/3    10:52   0:00   2:08 
Brandon Bollig           0  0  0  -2  0   0  0  0  0  0  0/0     7:38   0:00   0:00 
Chris Campoli            0  0  0  -1  0   2  0  0  0  0  0/0    12:48   0:00   0:37 
Daniel Cleary            0  0  0  -2  2   2  1  0  1  0  0/1     9:12   0:00   1:34 
David Hale               0  0  0  -1  0   0  3  3  1  0  0/0    23:11   0:00   4:41 
Drew Doughty             0  0  0  -1  2   1  1  1  1  1  0/0    27:09   2:11   3:23 
Drew Miller              0  3  3   1  0   2  2  0  0  0  2/4    19:55   2:21   4:18 
Dustin Penner            0  0  0  -1  2   0  0  0  0  0  0/0    13:51   0:00   0:59 
Jordan Nolan             0  0  0   0  0   2  1  0  0  0  5/9    15:38   1:51   0:00 
Lubomir Visnovsky        0  0  0   0  0   2  0  0  0  0  0/0    19:35   2:11   3:05 
Oliver Ekman-Larsson     0  0  0  -1  0   0  0  0  0  0  0/0    15:51   2:01   1:01 
Patrick Kaleta           0  0  0  -1  0   1  3  0  0  0  1/1    13:34   1:51   0:00 
Patrik Elias             0  0  0   0  0   2  2  1  1  0  0/1    14:16   0:00   0:26 
Ryan Whitney             0  0  0   0  0   0  0  0  1  1  0/0    21:43   2:01   3:05 
Tim Connolly             1  1  2   1  0   1  2  1  0  0  6/16   14:58   1:51   0:00 
Vladimir Tarasenko       0  1  1   0  0   2  1  0  0  0  0/0    18:10   2:21   1:48 

3 Stars

1 - Evgeny Artyukhin (Dal)
2 - Tim Connolly (LAK)
3 - Drew Miller (LAK)

Power Play

Stars - 0 on 4 Attempt(s) - 0.00%
Kings - 1 on 3 Attempt(s) - 33.33%

Penalty Kill

Stars - 2 on 3 Attempt(s) - 66.67% - Score 0 goal in Penalty Kill
Kings - 4 on 4 Attempt(s) - 100.00% - Score 0 goal in Penalty Kill

Team Stat

Stars - Hits : 28 - Faceoff Wins : 32 - Blocked Shots : 15 - Penalty Minutes : 6
Kings - Hits : 18 - Faceoff Wins : 28 - Blocked Shots : 9 - Penalty Minutes : 8

Official

Referees : VanMassenhoven Don and Rooney Chris
Linesman : Mark Pare and Jay Sharrers

Game Notes

No Game Note

Finance

Level 1 -- Attendance: 6000 (100.00%) -- Ticket Income $510,000
Level 2 -- Attendance: 4311 (86.22%) -- Ticket Income $258,660
Level 3 -- Attendance: 1736 (86.80%) -- Ticket Income $60,760
Level 4 -- Attendance: 3417 (85.43%) -- Ticket Income $85,425
Luxury Box -- Attendance: 1000 (100.00%) -- Ticket Income $140,000
Game was played at the Staples Center.
Total Attendance: 16464 (91.47%)
Total Ticket Income: $1,054,845
Other Income: $158,227
Total Income: $1,213,072

Stars

5 vs 5 Forward 
   Center                   Left Wing                Right Wing               Time % Phy DF OF 
 1 John Tavares             Scott Hartnell           Radim Vrbata             38     0   1  4  
 2 Ryan Getzlaf             Peter Worrell            Michael Frolik           30     0   2  3  
 3 Michal Handzus           Jussi Jokinen            Scottie Upshall          20     1   2  2  
 4 Marcus Kruger            Sean Avery               Evgeny Artyukhin         12     1   2  2  

5 vs 5 Defense 
   Defense                  Defense                                           Time % Phy DF OF 
 1 Brian Lee                Trevor Daley                                      40     0   2  3  
 2 Paul Martin              Johnny Oduya                                      30     1   2  2  
 3 Andrei Markov            Shaone Morrisonn                                  20     1   3  1  
 4 Andrei Markov            Shaone Morrisonn                                  10     1   3  1  

PowerPlay Forward 
   Center                   Left Wing                Right Wing               Time % Phy DF OF 
 1 John Tavares             Scott Hartnell           Radim Vrbata             60     0   1  4  
 2 Ryan Getzlaf             Jussi Jokinen            Michael Frolik           40     0   1  4  

PowerPlay Defense
   Defense                  Defense                                           Time % Phy DF OF 
 1 Brian Lee                Trevor Daley                                      60     0   2  3  
 2 Paul Martin              Johnny Oduya                                      40     0   2  3  

Penalty Kill 4 Players Forward 
   Center                   Wing                     Time % Phy DF OF 
 1 Michal Handzus           Peter Worrell            60     0   4  1  
 2 Marcus Kruger            Sean Avery               40     0   4  1  

Penalty Kill 4 Players Defense
   Defense                  Defense                  Time % Phy DF OF 
 1 Andrei Markov            Shaone Morrisonn         60     1   4  0  
 2 Paul Martin              Brian Lee                40     1   4  0  

Penalty Kill - 3 Players Forward 
   Forward                                           Time % Phy DF OF 
 1 Michal Handzus                                    60     0   4  1  
 2 Radim Vrbata                                      40     0   4  1  

Penalty Kill - 3 Players Defense
   Defense                  Defense                  Time % Phy DF OF 
 1 Brian Lee                Johnny Oduya             60     0   4  1  
 2 Paul Martin              Trevor Daley             40     0   4  1  

4 vs 4 Forward 
   Center                   Wing                     Time % Phy DF OF 
 1 John Tavares             Scott Hartnell           60     0   2  3  
 2 Ryan Getzlaf             Radim Vrbata             40     0   2  3  

4 vs 4 Defense
   Defense                  Defense                  Time % Phy DF OF 
 1 Brian Lee                Johnny Oduya             60     1   2  2  
 2 Paul Martin              Trevor Daley             40     1   2  2  

Last Minutes Offensive
   Center                   Left Wing                Right Wing               Defense                  Defense                  
   John Tavares             Scott Hartnell           Radim Vrbata             Brian Lee                Johnny Oduya             

Last Minutes Defensive
   Center                   Left Wing                Right Wing               Defense                  Defense                  
   John Tavares             Scott Hartnell           Radim Vrbata             Brian Lee                Johnny Oduya             

Goaltenders
Starting : Pascal Leclaire          
Backup : Miika Kiprusoff          

Extra Forwards
Normal : Evgeny Artyukhin, Scottie Upshall, Michal Handzus - PP : Evgeny Artyukhin, Scottie Upshall - PK : Michal Handzus
Extra Defensemen
Normal : Andrei Markov, Shaone Morrisonn, Paul Martin - PP : Andrei Markov - PK : Shaone Morrisonn, Paul Martin
Penalty Shots
John Tavares, Michael Frolik, Radim Vrbata, Michal Handzus, Sean Avery

Scratches
None

Kings

5 vs 5 Forward 
   Center                   Left Wing                Right Wing               Time % Phy DF OF 
 1 Tim Connolly             Drew Miller              Blake Wheeler            35     0   3  2  
 2 Anze Kopitar             Dustin Penner            Patrick Kaleta           30     1   2  2  
 3 Jordan Nolan             Patrik Elias             Vladimir Tarasenko       30     1   2  2  
 4 Boyd Devereaux           Brandon Bollig           Daniel Cleary            5      1   2  2  

5 vs 5 Defense 
   Defense                  Defense                                           Time % Phy DF OF 
 1 Drew Doughty             David Hale                                        40     1   2  2  
 2 Lubomir Visnovsky        Ryan Whitney                                      30     1   2  2  
 3 Oliver Ekman-Larsson     Chris Campoli                                     20     1   2  2  
 4 Drew Doughty             Ryan Whitney                                      10     1   2  2  

PowerPlay Forward 
   Center                   Left Wing                Right Wing               Time % Phy DF OF 
 1 Anze Kopitar             Drew Miller              Vladimir Tarasenko       60     0   1  4  
 2 Tim Connolly             Jordan Nolan             Patrick Kaleta           40     0   1  4  

PowerPlay Defense
   Defense                  Defense                                           Time % Phy DF OF 
 1 Drew Doughty             Lubomir Visnovsky                                 60     0   2  3  
 2 Ryan Whitney             Oliver Ekman-Larsson                              40     0   2  3  

Penalty Kill 4 Players Forward 
   Center                   Wing                     Time % Phy DF OF 
 1 Blake Wheeler            Drew Miller              60     1   3  1  
 2 Boyd Devereaux           Daniel Cleary            40     1   3  1  

Penalty Kill 4 Players Defense
   Defense                  Defense                  Time % Phy DF OF 
 1 Drew Doughty             David Hale               60     1   4  0  
 2 Lubomir Visnovsky        Ryan Whitney             40     1   4  0  

Penalty Kill - 3 Players Forward 
   Forward                                           Time % Phy DF OF 
 1 Anze Kopitar                                      60     1   3  1  
 2 Drew Miller                                       40     1   3  1  

Penalty Kill - 3 Players Defense
   Defense                  Defense                  Time % Phy DF OF 
 1 Drew Doughty             David Hale               60     1   4  0  
 2 Lubomir Visnovsky        Ryan Whitney             40     1   4  0  

4 vs 4 Forward 
   Center                   Wing                     Time % Phy DF OF 
 1 Anze Kopitar             Drew Miller              60     1   2  2  
 2 Tim Connolly             Blake Wheeler            40     1   2  2  

4 vs 4 Defense
   Defense                  Defense                  Time % Phy DF OF 
 1 Drew Doughty             Lubomir Visnovsky        60     1   2  2  
 2 Lubomir Visnovsky        Oliver Ekman-Larsson     40     1   2  2  

Last Minutes Offensive
   Center                   Left Wing                Right Wing               Defense                  Defense                  
   Anze Kopitar             Drew Miller              Vladimir Tarasenko       Drew Doughty             Oliver Ekman-Larsson     

Last Minutes Defensive
   Center                   Left Wing                Right Wing               Defense                  Defense                  
   Anze Kopitar             Drew Miller              Blake Wheeler            Drew Doughty             Oliver Ekman-Larsson     

Goaltenders
Starting : Jonathan Quick           
Backup : Evgeni Nabokov           

Extra Forwards
Normal : Jordan Nolan, Drew Miller, Vladimir Tarasenko - PP : Jordan Nolan, Patrik Elias - PK : Vladimir Tarasenko
Extra Defensemen
Normal : Oliver Ekman-Larsson, Chris Campoli, Lubomir Visnovsky - PP : Lubomir Visnovsky - PK : Oliver Ekman-Larsson, Chris Campoli
Penalty Shots
Anze Kopitar, Drew Miller, Tim Connolly, Vladimir Tarasenko, Blake Wheeler

Scratches
Danny Richmond (Broken Ribs Injury)

% Time on Ice - Stars

Lines # - Real PCT - Wanted PCT - Time Play
Normal Forward
1 - 34% - 38% - 15:54
2 - 27% - 30% - 12:37
3 - 21% - 20% - 9:59
4 - 18% - 12% - 8:17
Normal Defense
1 - 39% - 40% - 18:24
2 - 33% - 30% - 15:26
3 - 20% - 20% - 9:22
4 - 8% - 10% - 3:35
PP Forward
1 - 56% - 60% - 4:27
2 - 44% - 40% - 3:29
PP Defense
1 - 64% - 60% - 5:04
2 - 36% - 40% - 2:52
PK Forward
1 - 79% - 60% - 3:18
2 - 21% - 40% - 0:54
PK Defense
1 - 64% - 60% - 2:41
2 - 36% - 40% - 1:31
PK3 Forward
1 - 0% - 60%
2 - 0% - 40%
PK3 Defense
1 - 0% - 60%
2 - 0% - 40%
44 Forward
1 - 0% - 60%
2 - 0% - 40%
44 Defense
1 - 0% - 60%
2 - 0% - 40%
Last Minute Offensive  - 0:00
Last Minute Defensive  - 1:05
Total
Forward - 60:00
Defense - 60:00

% Time on Ice - Kings

Lines # - Real PCT - Wanted PCT - Time Play
Normal Forward
1 - 29% - 35% - 13:42
2 - 25% - 30% - 11:43
3 - 29% - 30% - 13:43
4 - 16% - 5% - 7:38
Normal Defense
1 - 41% - 40% - 18:59
2 - 30% - 30% - 14:15
3 - 24% - 20% - 11:18
4 - 5% - 10% - 2:14
PP Forward
1 - 56% - 60% - 2:21
2 - 44% - 40% - 1:51
PP Defense
1 - 52% - 60% - 2:11
2 - 48% - 40% - 2:01
PK Forward
1 - 73% - 60% - 5:48
2 - 27% - 40% - 2:08
PK Defense
1 - 61% - 60% - 4:51
2 - 39% - 40% - 3:05
PK3 Forward
1 - 0% - 60%
2 - 0% - 40%
PK3 Defense
1 - 0% - 60%
2 - 0% - 40%
44 Forward
1 - 0% - 60%
2 - 0% - 40%
44 Defense
1 - 0% - 60%
2 - 0% - 40%
Last Minute Offensive  - 1:06
Last Minute Defensive  - 0:00
Total
Forward - 60:00
Defense - 60:00

Play by Play

1st period


0:01 of 1st period - John Tavares wins face-off versus Tim Connolly in neutral zone.
0:16 of 1st period - Wrist shot by Radim Vrbata.
0:16 of 1st period - Stopped by Jonathan Quick with a rebound.
0:26 of 1st period - Brian Lee is hit by Patrick Kaleta and loses puck.
1:20 of 1st period - Slapshot by Daniel Cleary.
1:20 of 1st period - Shot Misses the Net.
1:47 of 1st period - Icing by Johnny Oduya.
1:48 of 1st period - Michael Frolik wins face-off versus Anze Kopitar in Stars zone.
2:17 of 1st period - Slapshot by Dustin Penner.
2:17 of 1st period - Shot Blocked by Johnny Oduya.
2:19 of 1st period - Slapshot by Chris Campoli.
2:19 of 1st period - Stopped by Pascal Leclaire without a rebound.
2:20 of 1st period - Jordan Nolan wins face-off versus John Tavares in Stars zone.
2:31 of 1st period - Slapshot by Vladimir Tarasenko.
2:31 of 1st period - Shot Misses the Net.
3:08 of 1st period - Backhand shot by Daniel Cleary.
3:08 of 1st period - Stopped by Pascal Leclaire without a rebound.
3:09 of 1st period - Marcus Kruger wins face-off versus Daniel Cleary in Stars zone.
3:20 of 1st period - Snap shot by Evgeny Artyukhin.
3:20 of 1st period - Shot Misses the Net.
3:24 of 1st period - Slapshot by Evgeny Artyukhin.
3:24 of 1st period - Goal by Evgeny Artyukhin - Stars : 1 - Kings : 0.
3:25 of 1st period - John Tavares wins face-off versus Jordan Nolan in neutral zone.
3:28 of 1st period - David Hale is hit by Scott Hartnell and loses puck.
3:35 of 1st period - Slapshot by Drew Doughty.
3:35 of 1st period - Deflect By John Tavares.
3:35 of 1st period - Stopped by Pascal Leclaire with a rebound.
3:37 of 1st period - Slapshot by David Hale.
3:37 of 1st period - Shot Blocked by Scott Hartnell.
3:39 of 1st period - Wrist shot by Jordan Nolan.
3:39 of 1st period - Stopped by Pascal Leclaire with a rebound.
3:41 of 1st period - Backhand shot by Drew Doughty.
3:41 of 1st period - Shot Misses the Net.
3:51 of 1st period - Ryan Getzlaf is hit by Drew Doughty and loses puck.
3:58 of 1st period - Slapshot by Peter Worrell.
3:58 of 1st period - Stopped by Jonathan Quick with a rebound.
4:39 of 1st period - Wrist shot by Vladimir Tarasenko.
4:39 of 1st period - Shot Blocked by Brian Lee.
4:41 of 1st period - Slapshot by Drew Doughty.
4:41 of 1st period - Shot Blocked by Brian Lee.
5:15 of 1st period - Wrist shot by Blake Wheeler.
5:15 of 1st period - Stopped by Pascal Leclaire with a rebound.
6:08 of 1st period - Andrei Markov is hit by Patrik Elias and loses puck.
6:27 of 1st period - Peter Worrell is hit by Daniel Cleary and loses puck.
6:40 of 1st period - Slapshot by Scott Hartnell.
6:40 of 1st period - Stopped by Jonathan Quick without a rebound.
6:41 of 1st period - John Tavares wins face-off versus Tim Connolly in Kings zone.
6:50 of 1st period - Snap shot by John Tavares.
6:50 of 1st period - Shot Misses the Net.
7:01 of 1st period - Scott Hartnell is hit by Drew Miller.
7:07 of 1st period - Blake Wheeler is hit by Paul Martin.
7:29 of 1st period - Wrist shot by John Tavares.
7:29 of 1st period - Deflect By Radim Vrbata.
7:29 of 1st period - Stopped by Jonathan Quick with a rebound.
7:31 of 1st period - Snap shot by Scott Hartnell.
7:31 of 1st period - Shot Blocked by Tim Connolly.
7:33 of 1st period - Slapshot by Trevor Daley.
7:33 of 1st period - Deflect By Blake Wheeler.
7:33 of 1st period - Stopped by Jonathan Quick without a rebound.
7:34 of 1st period - Anze Kopitar wins face-off versus Ryan Getzlaf in Kings zone.
8:27 of 1st period - Andrei Markov is hit by Boyd Devereaux and loses puck.
9:01 of 1st period - Wrist shot by Patrik Elias.
9:01 of 1st period - Shot Misses the Net.
9:40 of 1st period - Wrist shot by John Tavares.
9:40 of 1st period - Shot Misses the Net.
9:54 of 1st period - Slapshot by Daniel Cleary.
9:54 of 1st period - Stopped by Pascal Leclaire without a rebound.
9:55 of 1st period - Boyd Devereaux wins face-off versus Ryan Getzlaf in Stars zone.
10:08 of 1st period - Slapshot by Drew Doughty.
10:08 of 1st period - Shot Blocked by Trevor Daley.
10:26 of 1st period - Off-side.
10:27 of 1st period - John Tavares wins face-off versus Anze Kopitar in neutral zone.
10:32 of 1st period - Wrist shot by Radim Vrbata.
10:32 of 1st period - Shot Misses the Net.
10:50 of 1st period - Minor Penalty to John Tavares for Roughing.
10:51 of 1st period - Anze Kopitar wins face-off versus Peter Worrell in Stars zone.
11:50 of 1st period - Vladimir Tarasenko is hit by Jussi Jokinen and loses puck.
12:50 of 1st period - Penalty to John Tavares is over, John Tavares is back on ice.
13:01 of 1st period - Slapshot by Daniel Cleary.
13:01 of 1st period - Shot Misses the Net.
13:07 of 1st period - Brandon Bollig is hit by John Tavares.
13:44 of 1st period - Drew Doughty is hit by Radim Vrbata and loses puck.
14:01 of 1st period - David Hale is hit by Shaone Morrisonn and loses puck.
14:17 of 1st period - Chris Campoli is hit by Shaone Morrisonn and loses puck.
14:35 of 1st period - Oliver Ekman-Larsson is hit by John Tavares and loses puck.
15:20 of 1st period - Snap shot by John Tavares.
15:20 of 1st period - Goal by John Tavares - Stars : 2 - Kings : 0.
15:21 of 1st period - Tim Connolly wins face-off versus John Tavares in neutral zone.
15:32 of 1st period - Blake Wheeler is hit by Radim Vrbata and loses puck.
15:47 of 1st period - Drew Doughty is hit by Ryan Getzlaf and loses puck.
16:14 of 1st period - Wrist shot by Patrick Kaleta.
16:14 of 1st period - Shot Blocked by Shaone Morrisonn.
16:16 of 1st period - Snap shot by Patrick Kaleta.
16:16 of 1st period - Shot Blocked by Shaone Morrisonn.
16:18 of 1st period - Slapshot by Drew Doughty.
16:18 of 1st period - Shot Blocked by Andrei Markov.
16:28 of 1st period - Snap shot by Sean Avery.
16:28 of 1st period - Shot Misses the Net.
16:49 of 1st period - Trevor Daley is hit by Drew Miller and loses puck.
17:07 of 1st period - Off-side.
17:08 of 1st period - Jordan Nolan wins face-off versus Ryan Getzlaf in neutral zone.
17:13 of 1st period - Wrist shot by Patrik Elias.
17:13 of 1st period - Shot Misses the Net.
17:33 of 1st period - Drew Miller is hit by Radim Vrbata and loses puck.
18:31 of 1st period - Slapshot by Shaone Morrisonn.
18:31 of 1st period - Shot Blocked by Boyd Devereaux.
18:33 of 1st period - Wrist shot by Marcus Kruger.
18:33 of 1st period - Shot Misses the Net.
18:35 of 1st period - Snap shot by Evgeny Artyukhin.
18:35 of 1st period - Shot Misses the Net.
18:37 of 1st period - Wrist shot by Evgeny Artyukhin.
18:37 of 1st period - Stopped by Jonathan Quick without a rebound.
18:38 of 1st period - John Tavares wins face-off versus Blake Wheeler in Kings zone.
18:49 of 1st period - Snap shot by Radim Vrbata.
18:49 of 1st period - Stopped by Jonathan Quick without a rebound.
18:50 of 1st period - Patrick Kaleta wins face-off versus John Tavares in Kings zone.
18:55 of 1st period - Slapshot by Anze Kopitar.
18:55 of 1st period - Stopped by Pascal Leclaire with a rebound.
19:05 of 1st period - Slapshot by Anze Kopitar.
19:05 of 1st period - Stopped by Pascal Leclaire without a rebound.
19:06 of 1st period - Ryan Getzlaf wins face-off versus Drew Miller in Stars zone.
19:13 of 1st period - Snap shot by Tim Connolly.
19:13 of 1st period - Goal by Tim Connolly - Stars : 2 - Kings : 1.
19:14 of 1st period - John Tavares wins face-off versus Jordan Nolan in neutral zone.
19:21 of 1st period - Slapshot by John Tavares.
19:21 of 1st period - Shot Blocked by David Hale.
Goals for this period are 2 for Stars vs 1 for Kings.
Shots for this period are 9 for Stars vs 9 for Kings.

2nd period


0:01 of 2nd period - John Tavares wins face-off versus Anze Kopitar in neutral zone.
0:05 of 2nd period - Minor Penalty to Dustin Penner for Holding.
0:06 of 2nd period - John Tavares wins face-off versus Blake Wheeler in Kings zone.
0:10 of 2nd period - Snap shot by Radim Vrbata.
0:10 of 2nd period - Deflect By John Tavares.
0:10 of 2nd period - Shot Blocked by David Hale.
0:10 of 2nd period - Puck is out of play.
0:11 of 2nd period - Blake Wheeler wins face-off versus John Tavares in Kings zone.
0:11 of 2nd period - Blake Wheeler is hit by John Tavares.
1:37 of 2nd period - Vladimir Tarasenko is hit by Ryan Getzlaf and loses puck.
2:03 of 2nd period - Icing by Radim Vrbata.
2:04 of 2nd period - Blake Wheeler wins face-off versus John Tavares in Stars zone.
2:05 of 2nd period - Penalty to Dustin Penner is over, Dustin Penner is back on ice.
2:05 of 2nd period - Wrist shot by Patrik Elias.
2:05 of 2nd period - Stopped by Pascal Leclaire with a rebound.
2:45 of 2nd period - Snap shot by Jordan Nolan.
2:45 of 2nd period - Shot Blocked by Johnny Oduya.
3:00 of 2nd period - Peter Worrell is hit by David Hale and loses puck.
3:05 of 2nd period - Snap shot by Daniel Cleary.
3:05 of 2nd period - Deflect By Brandon Bollig.
3:05 of 2nd period - Shot Misses the Net.
3:05 of 2nd period - Puck is out of play.
3:06 of 2nd period - Ryan Getzlaf wins face-off versus Tim Connolly in Stars zone.
3:06 of 2nd period - Ryan Getzlaf is hit by Tim Connolly.
3:12 of 2nd period - Slapshot by Blake Wheeler.
3:12 of 2nd period - Stopped by Pascal Leclaire without a rebound.
3:13 of 2nd period - Ryan Getzlaf wins face-off versus Tim Connolly in Stars zone.
3:25 of 2nd period - Wrist shot by Tim Connolly.
3:25 of 2nd period - Shot Blocked by Peter Worrell.
3:27 of 2nd period - Snap shot by Drew Miller.
3:27 of 2nd period - Stopped by Pascal Leclaire with a rebound.
3:29 of 2nd period - Slapshot by Ryan Whitney.
3:29 of 2nd period - Shot Misses the Net.
4:00 of 2nd period - Slapshot by Jussi Jokinen.
4:00 of 2nd period - Shot Blocked by David Hale.
4:10 of 2nd period - Snap shot by Jordan Nolan.
4:10 of 2nd period - Stopped by Pascal Leclaire with a rebound.
4:51 of 2nd period - Snap shot by Daniel Cleary.
4:51 of 2nd period - Shot Misses the Net.
4:53 of 2nd period - Slapshot by Boyd Devereaux.
4:53 of 2nd period - Stopped by Pascal Leclaire without a rebound.
4:54 of 2nd period - Tim Connolly wins face-off versus John Tavares in Stars zone.
5:01 of 2nd period - Wrist shot by Scott Hartnell.
5:01 of 2nd period - Stopped by Jonathan Quick without a rebound.
5:02 of 2nd period - John Tavares wins face-off versus Tim Connolly in Kings zone.
5:25 of 2nd period - Wrist shot by Radim Vrbata.
5:25 of 2nd period - Stopped by Jonathan Quick without a rebound.
5:26 of 2nd period - Anze Kopitar wins face-off versus Ryan Getzlaf in Kings zone.
5:35 of 2nd period - Wrist shot by Ryan Getzlaf.
5:35 of 2nd period - Stopped by Jonathan Quick without a rebound.
5:36 of 2nd period - Ryan Getzlaf wins face-off versus Anze Kopitar in Kings zone.
5:42 of 2nd period - Minor Penalty to Anze Kopitar for Cross-checking.
5:43 of 2nd period - Drew Miller wins face-off versus John Tavares in Kings zone.
6:15 of 2nd period - Slapshot by Ryan Getzlaf.
6:15 of 2nd period - Stopped by Jonathan Quick without a rebound.
6:16 of 2nd period - Blake Wheeler wins face-off versus John Tavares in Kings zone.
6:25 of 2nd period - Lubomir Visnovsky is hit by Scott Hartnell and loses puck.
7:42 of 2nd period - Penalty to Anze Kopitar is over, Anze Kopitar is back on ice.
7:57 of 2nd period - Oliver Ekman-Larsson is hit by Paul Martin and loses puck.
8:23 of 2nd period - Oliver Ekman-Larsson is hit by Ryan Getzlaf.
8:42 of 2nd period - Daniel Cleary is hit by Trevor Daley and loses puck.
9:07 of 2nd period - Off-side.
9:08 of 2nd period - John Tavares wins face-off versus Tim Connolly in neutral zone.
9:58 of 2nd period - Wrist shot by Patrick Kaleta.
9:58 of 2nd period - Stopped by Pascal Leclaire without a rebound.
9:59 of 2nd period - John Tavares wins face-off versus Anze Kopitar in Stars zone.
10:14 of 2nd period - Snap shot by Anze Kopitar.
10:14 of 2nd period - Stopped by Pascal Leclaire without a rebound.
10:15 of 2nd period - Peter Worrell wins face-off versus Tim Connolly in Stars zone.
10:41 of 2nd period - John Tavares is hit by Vladimir Tarasenko and loses puck.
11:10 of 2nd period - Wrist shot by Scottie Upshall.
11:10 of 2nd period - Stopped by Jonathan Quick with a rebound.
11:20 of 2nd period - Ryan Whitney is hit by Sean Avery and loses puck.
11:29 of 2nd period - Snap shot by Daniel Cleary.
11:29 of 2nd period - Shot Blocked by Johnny Oduya.
11:31 of 2nd period - Wrist shot by Brandon Bollig.
11:31 of 2nd period - Shot Hit the Post.
12:01 of 2nd period - Wrist shot by Evgeny Artyukhin.
12:01 of 2nd period - Goal by Evgeny Artyukhin - Stars : 3 - Kings : 1.
12:02 of 2nd period - John Tavares wins face-off versus Tim Connolly in neutral zone.
12:05 of 2nd period - Slapshot by Brian Lee.
12:05 of 2nd period - Stopped by Jonathan Quick with a rebound.
12:07 of 2nd period - Snap shot by John Tavares.
12:07 of 2nd period - Stopped by Jonathan Quick without a rebound.
12:08 of 2nd period - Drew Miller wins face-off versus John Tavares in Kings zone.
12:35 of 2nd period - Icing by Drew Doughty.
12:36 of 2nd period - Jordan Nolan wins face-off versus Ryan Getzlaf in Kings zone.
12:43 of 2nd period - Snap shot by Vladimir Tarasenko.
12:43 of 2nd period - Stopped by Pascal Leclaire without a rebound.
12:44 of 2nd period - Anze Kopitar wins face-off versus John Tavares in Stars zone.
13:50 of 2nd period - Snap shot by Blake Wheeler.
13:50 of 2nd period - Shot Blocked by Sean Avery.
13:52 of 2nd period - Snap shot by Drew Miller.
13:52 of 2nd period - Stopped by Pascal Leclaire without a rebound.
13:53 of 2nd period - Jordan Nolan wins face-off versus John Tavares in Stars zone.
14:08 of 2nd period - Snap shot by John Tavares.
14:08 of 2nd period - Stopped by Jonathan Quick without a rebound.
14:09 of 2nd period - Ryan Getzlaf wins face-off versus Anze Kopitar in Kings zone.
14:22 of 2nd period - Slapshot by Michael Frolik.
14:22 of 2nd period - Shot Misses the Net.
14:34 of 2nd period - Patrik Elias is hit by Scott Hartnell and loses puck.
15:25 of 2nd period - Slapshot by Drew Doughty.
15:25 of 2nd period - Shot Misses the Net.
16:24 of 2nd period - Snap shot by Drew Miller.
16:24 of 2nd period - Deflect By Blake Wheeler.
16:24 of 2nd period - Stopped by Pascal Leclaire without a rebound.
16:25 of 2nd period - Tim Connolly wins face-off versus Michal Handzus in Stars zone.
16:42 of 2nd period - Snap shot by Blake Wheeler.
16:42 of 2nd period - Goal by Blake Wheeler - Stars : 3 - Kings : 2.
16:43 of 2nd period - Scott Hartnell wins face-off versus Jordan Nolan in neutral zone.
16:46 of 2nd period - Snap shot by John Tavares.
16:46 of 2nd period - Stopped by Jonathan Quick without a rebound.
16:47 of 2nd period - John Tavares wins face-off versus Jordan Nolan in Kings zone.
16:48 of 2nd period - Slapshot by Brian Lee.
16:48 of 2nd period - Stopped by Jonathan Quick without a rebound.
16:49 of 2nd period - Jordan Nolan wins face-off versus John Tavares in Kings zone.
16:49 of 2nd period - Jordan Nolan is hit by Brian Lee.
17:05 of 2nd period - Snap shot by Vladimir Tarasenko.
17:05 of 2nd period - Stopped by Pascal Leclaire with a rebound.
17:11 of 2nd period - Wrist shot by Patrik Elias.
17:11 of 2nd period - Stopped by Pascal Leclaire with a rebound.
17:44 of 2nd period - Slapshot by Lubomir Visnovsky.
17:44 of 2nd period - Stopped by Pascal Leclaire with a rebound.
18:57 of 2nd period - Wrist shot by Radim Vrbata.
18:57 of 2nd period - Deflect By John Tavares.
18:57 of 2nd period - Shot Misses the Net.
18:57 of 2nd period - Puck is out of play.
18:58 of 2nd period - Ryan Getzlaf wins face-off versus Anze Kopitar in Kings zone.
19:03 of 2nd period - Backhand shot by Peter Worrell.
19:03 of 2nd period - Shot Misses the Net.
19:05 of 2nd period - Snap shot by Ryan Getzlaf.
19:05 of 2nd period - Goal by Ryan Getzlaf - Stars : 4 - Kings : 2.
19:06 of 2nd period - Ryan Getzlaf wins face-off versus Anze Kopitar in neutral zone.
19:31 of 2nd period - Scottie Upshall is hit by Tim Connolly and loses puck.
19:53 of 2nd period - Minor Penalty to Daniel Cleary for Hooking.
19:54 of 2nd period - Blake Wheeler wins face-off versus Ryan Getzlaf in Kings zone.
19:58 of 2nd period - Drew Miller is hit by Jussi Jokinen and loses puck.
Goals for this period are 2 for Stars vs 1 for Kings.
Shots for this period are 12 for Stars vs 14 for Kings.

3rd period


0:01 of 3rd period - John Tavares wins face-off versus Drew Miller in neutral zone.
0:38 of 3rd period - Michael Frolik is hit by David Hale and loses puck.
1:41 of 3rd period - Wrist shot by Anze Kopitar.
1:41 of 3rd period - Stopped by Pascal Leclaire with a rebound.
1:53 of 3rd period - Penalty to Daniel Cleary is over, Daniel Cleary is back on ice.
2:07 of 3rd period - Wrist shot by Evgeny Artyukhin.
2:07 of 3rd period - Shot Blocked by Patrik Elias.
2:26 of 3rd period - Snap shot by Scottie Upshall.
2:26 of 3rd period - Shot Misses the Net.
2:28 of 3rd period - Slapshot by Paul Martin.
2:28 of 3rd period - Shot Blocked by Boyd Devereaux.
2:30 of 3rd period - Slapshot by Paul Martin.
2:30 of 3rd period - Shot Misses the Net.
2:46 of 3rd period - Wrist shot by Boyd Devereaux.
2:46 of 3rd period - Shot Blocked by Paul Martin.
3:21 of 3rd period - Slapshot by Chris Campoli.
3:21 of 3rd period - Stopped by Pascal Leclaire with a rebound.
3:23 of 3rd period - Slapshot by Chris Campoli.
3:23 of 3rd period - Shot Blocked by Andrei Markov.
3:37 of 3rd period - Lubomir Visnovsky is hit by Michal Handzus and loses puck.
3:46 of 3rd period - Minor Penalty to Michal Handzus for Hooking.
3:47 of 3rd period - John Tavares wins face-off versus Anze Kopitar in Stars zone.
4:00 of 3rd period - Snap shot by Anze Kopitar.
4:00 of 3rd period - Goal by Anze Kopitar - Stars : 4 - Kings : 3.
4:01 of 3rd period - Ryan Getzlaf wins face-off versus Tim Connolly in neutral zone.
4:04 of 3rd period - Snap shot by Brian Lee.
4:04 of 3rd period - Stopped by Jonathan Quick without a rebound.
4:05 of 3rd period - Tim Connolly wins face-off versus Ryan Getzlaf in Kings zone.
4:54 of 3rd period - Wrist shot by Scottie Upshall.
4:54 of 3rd period - Shot Hit the Post.
4:56 of 3rd period - Wrist shot by Johnny Oduya.
4:56 of 3rd period - Stopped by Jonathan Quick without a rebound.
4:57 of 3rd period - Ryan Getzlaf wins face-off versus Patrik Elias in Kings zone.
5:41 of 3rd period - Off-side.
5:42 of 3rd period - Blake Wheeler wins face-off versus Michal Handzus in neutral zone.
5:53 of 3rd period - Slapshot by Trevor Daley.
5:53 of 3rd period - Deflect By Michal Handzus.
5:53 of 3rd period - Shot Blocked by Drew Doughty.
5:53 of 3rd period - Puck is out of play.
5:54 of 3rd period - Anze Kopitar wins face-off versus Ryan Getzlaf in Kings zone.
6:34 of 3rd period - Slapshot by Radim Vrbata.
6:34 of 3rd period - Stopped by Jonathan Quick without a rebound.
6:35 of 3rd period - Tim Connolly wins face-off versus Michal Handzus in Kings zone.
7:02 of 3rd period - Scott Hartnell is hit by Anze Kopitar and loses puck.
7:21 of 3rd period - Michael Frolik is hit by Patrik Elias and loses puck.
7:45 of 3rd period - Snap shot by Marcus Kruger.
7:45 of 3rd period - Stopped by Jonathan Quick without a rebound.
7:46 of 3rd period - Boyd Devereaux wins face-off versus John Tavares in Kings zone.
8:11 of 3rd period - Trevor Daley is hit by David Hale and loses puck.
8:16 of 3rd period - Slapshot by Tim Connolly.
8:16 of 3rd period - Shot Misses the Net.
8:18 of 3rd period - Slapshot by Ryan Whitney.
8:18 of 3rd period - Shot Blocked by Brian Lee.
8:20 of 3rd period - Wrist shot by Lubomir Visnovsky.
8:20 of 3rd period - Deflect By Michael Frolik.
8:20 of 3rd period - Stopped by Pascal Leclaire with a rebound.
8:22 of 3rd period - Wrist shot by Blake Wheeler.
8:22 of 3rd period - Stopped by Pascal Leclaire without a rebound.
8:23 of 3rd period - John Tavares wins face-off versus Anze Kopitar in Stars zone.
8:48 of 3rd period - Lubomir Visnovsky is hit by Ryan Getzlaf and loses puck.
8:54 of 3rd period - Drew Doughty is hit by Peter Worrell and loses puck.
9:37 of 3rd period - Wrist shot by Patrick Kaleta.
9:37 of 3rd period - Shot Misses the Net.
9:40 of 3rd period - Icing by Trevor Daley.
9:41 of 3rd period - Marcus Kruger wins face-off versus Tim Connolly in Stars zone.
9:45 of 3rd period - Off-side.
9:46 of 3rd period - Tim Connolly wins face-off versus John Tavares in neutral zone.
10:37 of 3rd period - Andrei Markov is hit by Jordan Nolan and loses puck.
10:48 of 3rd period - Minor Penalty to Drew Doughty for Tripping.
10:49 of 3rd period - John Tavares wins face-off versus Blake Wheeler in Kings zone.
10:52 of 3rd period - Wrist shot by John Tavares.
10:52 of 3rd period - Stopped by Jonathan Quick with a rebound.
10:54 of 3rd period - Slapshot by Trevor Daley.
10:54 of 3rd period - Stopped by Jonathan Quick without a rebound.
10:55 of 3rd period - Blake Wheeler wins face-off versus John Tavares in Kings zone.
11:32 of 3rd period - Slapshot by Brian Lee.
11:32 of 3rd period - Shot Blocked by Boyd Devereaux.
12:21 of 3rd period - Snap shot by Boyd Devereaux.
12:21 of 3rd period - Stopped by Pascal Leclaire with a rebound.
12:48 of 3rd period - Penalty to Drew Doughty is over, Drew Doughty is back on ice.
12:58 of 3rd period - Ryan Whitney is hit by Evgeny Artyukhin and loses puck.
15:15 of 3rd period - Anze Kopitar is hit by Peter Worrell and loses puck.
15:42 of 3rd period - Tim Connolly is hit by Scott Hartnell and loses puck.
16:54 of 3rd period - Minor Penalty to Jussi Jokinen for Tripping.
16:55 of 3rd period - Michal Handzus wins face-off versus Anze Kopitar in Stars zone.
17:21 of 3rd period - Tim Connolly is hit by Shaone Morrisonn and loses puck.
17:30 of 3rd period - Wrist shot by Jordan Nolan.
17:30 of 3rd period - Shot Misses the Net.
17:32 of 3rd period - Snap shot by Tim Connolly.
17:32 of 3rd period - Shot Misses the Net.
17:52 of 3rd period - Peter Worrell is hit by Patrick Kaleta and loses puck.
18:17 of 3rd period - Brian Lee is hit by Patrick Kaleta and loses puck.
18:54 of 3rd period - Penalty to Jussi Jokinen is over, Jussi Jokinen is back on ice.
19:01 of 3rd period - Off-side.
19:02 of 3rd period - Paul Maurice call a timeout for Kings.
19:02 of 3rd period - Boyd Devereaux wins face-off versus John Tavares in neutral zone.
19:05 of 3rd period - Kings, Jonathan Quick is pulled from the net.
19:47 of 3rd period - Slapshot by Radim Vrbata.
19:47 of 3rd period - Shot Misses the Net.
Goals for this period are 0 for Stars vs 1 for Kings.
Shots for this period are 6 for Stars vs 6 for Kings.